 Dungeon Crawl Stone Soup version 0.28.0-47-ge53b351184 (webtiles) character file.

Game seed: 8159946204687241831

39 pkoi the Digger (level 3, -2/26 HPs)
             Began as a Demigod Earth Elementalist on May 7, 2022.
             Slain by a bullfrog (6 damage)
             ... on level 3 of the Dungeon.
             The game lasted 00:03:28 (2618 turns).

pkoi the Digger (Demigod Earth Elementalist)        Turns: 2618, Time: 00:03:28

Health: -2/26      AC:  2    Str:  9    XL:     3   Next: 11%
Magic:  2/8        EV: 12    Int: 21    God:
Gold:   53         SH:  0    Dex: 14    Spells: 0/6 levels left

rFire   . . .      SeeInvis .   d - staff of poison
rCold   . . .      Faith    .   (no shield)
rNeg    . . .      Spirit   .   b - +0 robe
rPois   +          Reflect  .   (no helmet)
rElec   .          Harm     .   (no cloak)
rCorr   .          Rampage  .   (no gloves)
Will    .....                   (no boots)
Stlth   ++........              (no amulet)
HPRegen 0.08/turn               a - ring of flight
MPRegen 0.11/turn               (no ring)

@: flying
A: high MP 1, forlorn, divine attributes
a: no special abilities


You were on level 3 of the Dungeon.
You visited 1 branch of the dungeon, and saw 3 of its levels.

You collected 53 gold pieces.

Inventory:

Hand Weapons
 e - a +0 short sword
 h - a +0 mace
Missiles
 c - 34 stones
 g - 5 poisoned darts
Armour
 b - a +0 robe (worn)
Magical Staves
 d - a staff of poison (weapon)
Jewellery
 a - a ring of flight (left hand)
Potions
 f - a potion of lignification {unknown}
 i - a potion of berserk rage {unknown}
 l - a potion of haste {unknown}


   Skills:
 - Level 1.7 Dodging
 - Level 1.7 Stealth
 - Level 2.0 Spellcasting
 + Level 0.0 Conjurations
 * Level 2.0 Transmutations
 * Level 3.3 Earth Magic


You couldn't memorise any spells.
You knew the following spells:

 Your Spells              Type           Power      Damage    Failure   Level
a - Sandblast             Erth           32%        2d9       3%          1
b - Passwall              Tmut/Erth      10%        N/A       8%          2
c - Stone Arrow           Conj/Erth      18%        3d8       22%         3

Your spell library contained the following spells:

 Spells                   Type           Power      Damage    Failure   Level
 Petrify                  Tmut/Erth      13%        N/A       43%         4


Dungeon Overview and Level Annotations

Branches:
Dungeon (2/15)

Shops:
D:1 *


Innate Abilities, Weirdness & Mutations

You have an increased reservoir of magic. (+10% MP)
You shall have no god before yourself.
Your divine heritage dramatically boosts your attributes as you level up.


Message History

Press: ? - help, Q - select action, (/) - cycle Shift-Dir - straight line, f - jackal
Aim: a jackal (severely wounded, 74% to hit)
The blast of sand misses the jackal. x2; The blast of sand hits the jackal!
You kill the jackal!
The jackal barely misses you.
Aiming: Sandblast (safe; 3% risk of failure)
Press: ? - help, Q - select action, (/) - cycle Shift-Dir - straight line, f/p - jackal
Aim: a jackal (severely wounded, 74% to hit)
The blast of sand hits the jackal.
You kill the jackal!
The bullfrog snags a nearby millipede with its tongue.
The jackal closely misses you.
Aiming: Sandblast (safe; 3% risk of failure)
Press: ? - help, Q - select action, (/) - cycle Shift-Dir - straight line, f - jackal
Aim: a jackal (74% to hit)
The blast of sand hits the jackal!
You kill the jackal!
Unknown command.
Aiming: Sandblast (safe; 3% risk of failure)
Press: ? - help, Q - select action, (/) - cycle Shift-Dir - straight line, f - bullfrog
Aim: a bullfrog (74% to hit)
The blast of sand misses the bullfrog.
The blast of sand hits the kobold!
You kill the kobold!
The bullfrog hits you.
* * * LOW HITPOINT WARNING * * *
The bullfrog hits you.
* * * LOW HITPOINT WARNING * * *
Aiming: Sandblast (safe; 3% risk of failure)
Press: ? - help, Q - select action, (/) - cycle Shift-Dir - straight line, f/p - bullfrog
Aim: a bullfrog (74% to hit)
The blast of sand hits the bullfrog!
The bullfrog is moderately wounded.
The bullfrog completely misses you.
Aiming: Sandblast (safe; 3% risk of failure)
Press: ? - help, Q - select action, (/) - cycle Shift-Dir - straight line, f/p - bullfrog
Aim: a bullfrog (moderately wounded, 74% to hit)
The blast of sand hits the bullfrog!
The bullfrog is severely wounded.
The bullfrog hits you.
You die...

..K. .... #+#
..... #@# .....
#F# ......#s#
......#.#######
.......w......h
###+#..........
#.....h.h..
#..........
............


You could see a bullfrog, a worm and a scorpion.

Vanquished Creatures
  A worm (D:1)
  4 bats (D:1)
  4 endoplasms
  2 giant cockroaches (D:1)
  3 goblins (D:1)
  3 hobgoblins (D:1)
  3 jackals (D:3)
  2 kobolds
  2 quokkas (D:1)
  2 ball pythons (D:1)
  4 frilled lizards
  A rat (D:1)
31 creatures vanquished.

Notes
Turn   | Place    | Note
-------+----------+-------------------------------------------
     0 | D:1      | pkoi the Demigod Earth Elementalist began the quest for the
                  | Orb.
     0 | D:1      | Reached XP level 1. HP: 14/14 MP: 5/5
    20 | D:1      | Reached skill level 1 in Transmutations
   385 | D:1      | Reached XP level 2. HP: 18/20 MP: 7/7
   391 | D:1      | Learned a level 2 spell: Passwall
   432 | D:1      | Reached skill level 3 in Earth Magic
   600 | D:1      | Found Odywnuat's Assorted Antiques.
  2397 | D:2      | Reached XP level 3. HP: 26/26 MP: 8/8
  2501 | D:2      | Learned a level 3 spell: Stone Arrow
  2521 | D:2      | You are sucked into a shaft and drop 1 floor!
  2592 | D:3      | Noticed a scorpion
  2596 | D:3      | Noticed a bullfrog
  2618 | D:3      | Slain by a bullfrog

Illustrated notes

Levels and vault maps discovered:
D:1:      lightli_arrival_boilingwater, layout_basic, serial_shops,
          nicolae_shop_hallway_stairs
D:2:      layout_loops_ring, shapermc_ecumenical_altar_venn,
          kennysheep_another_room
D:3:      layout_basic, lemuel_tele_altar, mainiacjoe_overflow_alcove_1,
          serial_shops, nicolae_shop_trees, minmay_checkerbox, uniq_terence

Skill      XL: |  1  2  3 |
---------------+----------+-----
Transmutations | 1 2 |  2.0
Earth Magic    | 3 |  3.3
Spellcasting   | 2 |  2.0
Dodging        | |  1.7
Stealth        | |  1.7

Action                   || total
-------------------------++-------
Melee: Staff             ||   137
       Punch             ||     1
 Cast: Sandblast         ||    19
  Use: Scroll            ||     3
 Stab: Sleeping          ||     3
Armor: Robe              ||    46
Dodge: Dodged            ||   128
